 Dungeon Crawl Stone Soup version 0.30-a0-743-gbfdf073431 (webtiles) character file.

Game seed: 4975342840739429197

90 zamzamzam the Cudgeller (level 4, -5/55 HPs)
             Began as a Human Cinder Acolyte on Feb 8, 2023.
             Was a High Priest of Ignis.
             Killed by divine providence
             ... invoked by an orc priest
              (16 damage)
             ... on level 3 of the Dungeon.
             The game lasted 00:06:07 (1955 turns).

zamzamzam the Cudgeller (Human Cinder Acolyte)      Turns: 1955, Time: 00:06:08

Health: -5/55      AC:  5    Str: 16    XL:     4   Next: 85%
Magic:  2/5        EV: 10    Int: 15    God:    Ignis [*****.]
Gold:   127        SH:  0    Dex:  8    Spells: 3/5 levels left

rFire   + . .      SeeInvis .    a - -1 mace (flame)
rCold   . . .      Faith    .    g - orb {*Rage}
rNeg    . . .      Spirit   .    d - +0 ring mail
rPois   .          Reflect  .    (no helmet)
rElec   .          Harm     .    (no cloak)
rCorr   .          Rampage  .    (no gloves)
Will    .....      Rage     20%  (no boots) Stlth
                                 (no amulet)
HPRegen 0.29/turn                (no ring)
MPRegen 0.09/turn                (no ring)

@: berserking (expiring), very quick
A: no striking features
a: Renounce Religion, Fiery Armour, Foxfire Swarm, Rising Flame


You were on level 3 of the Dungeon.
You worshipped Ignis.
Ignis was extremely pleased with you.
You visited 1 branch of the dungeon, and saw 3 of its levels.

You collected 127 gold pieces.

Inventory:

Hand Weapons
 a - a -1 mace of flaming (weapon)
Armour
 d - a +0 ring mail (worn)
 g - an orb of wrath (worn)
Jewellery
 h - a ring of fire
 k - a +5 ring of evasion
Scrolls
 b - 2 scrolls of teleportation {unknown}
 c - a scroll of fear {unknown}
 e - a scroll of blinking {unknown}
 f - 2 scrolls of identify {unknown}
 i - a scroll of fog {unknown}
Potions
 j - a potion of curing {unknown}
 l - a potion of brilliance {unknown}


   Skills:
 + Level 3.8 Fighting
 + Level 3.9 Maces & Flails
 + Level 1.2 Spellcasting
 + Level 3.6 Fire Magic


You had 3 spell levels left.
You knew the following spells:

 Your Spells              Type           Power      Damage    Failure   Level
a - Scorch                Fire           22%        2d6       16%         2

Your spell library contained the following spells:

 Spells                   Type           Power      Damage    Failure   Level
 Necrotise                Necr           0%         1d4       43%         1
 Ozocubu's Armour         Ice            0%         N/A       80%         3
 Vampiric Draining        Necr           0%         2d6       80%         3
 Agony                    Necr           0%         N/A       100%        5
 Metabolic Englaciation   Hex/Ice        0%         N/A       100%        5
 Simulacrum               Ice/Necr       0%         N/A       100%        6


Dungeon Overview and Level Annotations

Branches:
Dungeon (3/15)

Altars:


Message History

The orc is no longer more vulnerable to fire.
The orc priest calls down the wrath of Beogh upon you.
Beogh smites you! The orc closely misses you.
You hit the orc but do no damage.
The orc is heavily wounded.
The orc barely misses you. The goblin hits you but does no damage.
The orc hits you with a +0 flail.
You hit the orc but do no damage.
The orc is moderately wounded.
The orc hits you but does no damage. The goblin barely misses you.
The orc barely misses you.
You hit the orc. You burn the orc.
The orc is heavily wounded.
You thump the orc! You burn the orc.
You kill the orc!
The orc priest calls down the wrath of Beogh upon you.
Beogh smites you! The goblin hits you but does no damage.
The orc barely misses you.
You closely miss the goblin.
The goblin hits you but does no damage. x2
The orc barely misses you.
You sock the goblin! You burn the goblin.
You kill the goblin!
The orc priest calls down the wrath of Beogh upon you.
Beogh smites you!
* * * LOW HITPOINT WARNING * * *
The goblin misses you. The orc closely misses you.
There is a stone staircase leading up, spattered with blood here.
Items here: ))) [ ††.
You completely miss the orc priest.
The orc priest is moderately wounded.
The orc priest hits you but does no damage.
You closely miss the orc priest.
The orc priest is moderately wounded.
The orc priest hits you but does no damage.
The goblin closely misses you.
You hit the orc priest. You burn the orc priest.
The orc priest is severely wounded.
The orc priest calls down the wrath of Beogh upon you.
Beogh smites you!
You die...

...... . ...... ..
...... ... #(.....
.... .....# .....
.....##
.$....#####.......
#og@og.......
#r####....... ...
....... #....
....... #....
....... #.>.?
#####r. ..... .
......


You could see an orc priest, an orc, 2 goblins and a rat.

Vanquished Creatures
  A hound (D:2)
  An adder (D:2)
  2 worms (D:2)
  A dart slug (D:2)
  3 orcs (D:3)
  5 bats
  An endoplasm (D:2)
  A giant cockroach (D:2)
  5 goblins
  A hobgoblin (D:2)
  7 kobolds
  2 quokkas (D:2)
  6 ball pythons
  A frilled lizard (D:1)
  2 rats (D:2)
39 creatures vanquished.

Vanquished Creatures (others)
  A foxfire (D:3)
1 creature vanquished.

Grand Total: 40 creatures vanquished

Notes
Turn   | Place    | Note
-------+----------+-------------------------------------------
     0 | D:1      | zamzamzam the Human Cinder Acolyte began the quest for the
                  | Orb.
     0 | D:1      | Reached XP level 1. HP: 18/18 MP: 2/2
   492 | D:1      | Reached XP level 2. HP: 24/24 MP: 3/3
   518 | D:1      | Learned a level 2 spell: Scorch
   785 | D:2      | Reached XP level 3. HP: 29/29 MP: 2/4
  1016 | D:2      | Reached XP level 4. HP: 37/37 MP: 5/5
  1955 | D:3      | Killed from afar by an orc priest

Illustrated notes

Levels and vault maps discovered:
D:1:      grunt_arrival_crossed_arrows, layout_loops_ring
D:2:      layout_loops_corners
D:3:      layout_basic, item_on_display_a

Action                     |  1- 3 |  4- 6 || total
---------------------------+-------+-------++-------
  Melee: Mace              |    65 |    50 ||   115
   Cast: Scorch            |     2 |     6 ||     8
 Invoke: Foxfire Swarm     |       |     2 ||     2
 Armour: Ring mail         |    32 |    25 ||    57
         Robe              |     1 |       ||     1
  Dodge: Dodged            |    41 |    28 ||    69

Table legend: (Time is in decaauts)
 A = Elapsed time spent in this place.
 B = Non-inter-level travel time spent in this place.
 C = Inter-level travel time spent in this place.
 D = Time resting spent in this place.
 E = Time spent auto-exploring this place.
 F = Levels seen in this place.
 G = Mean time per level.
                   A        B        C        D        E       F      G
               +--------+--------+--------+--------+--------+-----+--------+
         Total |   2090 |   1919 |    171 |    176 |   1410 |   3 |  696.7 |
       Dungeon |   2090 |   1919 |    171 |    176 |   1410 |   3 |  696.7 |
               +--------+--------+--------+--------+--------+-----+--------+

Top non-repeatable levels by time:
     D:2: 1334 daAuts
     D:1: 732 daAuts
     D:3: 24 daAuts
